Map: Thunderbird LE

Players

Shoes - Winner!

  • Race: Protoss Protoss
  • League: Master
  • Spawn Location: 11:00

zuka

  • Race: Protoss Protoss
  • League: Master
  • Spawn Location: 5:00

VOD

Have the link to the VOD?

Description

Time

  • Played on: July 11, 2019, 2:33 p.m.
  • Length: 5:23
Show
View Real Time Build Order
Export as new Build Order

Shoes Protoss - Winner!

Build Orders:  

Get SALT Encoding   

  12  0:00  Probe  
  13  0:13  Probe  
  14  0:18  Pylon  
  14  0:23  Probe  
  15  0:32  Probe  
  15  0:38  Gateway  
  15  0:40  Probe  
  16  0:48  Assimilator  
  17  0:52  Probe  
  18  0:57  Assimilator  
  19  1:04  Probe  
  19  1:11  Gateway  
  19  1:15  Probe  
  20  1:24  Probe  
  20  1:26  Cybernetics Core  
  20  1:32  Probe  
  21  1:39  Pylon  
  22  1:42  Probe  
  23  2:02  Stalker x2  
  27  2:09  Pylon  
  27  2:11  Warp Gate  
  27  2:18  Shield Battery  
  27  2:28  Stargate  
  27  2:39  Stalker  
  27  2:44  Stalker  
  31  2:54  Gateway  
  31  2:59  Void Ray  
  35  3:23  Pylon  
  35  3:34  Void Ray  
  35  3:37  Pylon  
  39  3:59  Stalker x2  
  43  4:03  Stalker  
  45  4:28  Void Ray  
  45  4:44  Zealot x3  
  51  5:05  Stalker x2  
  53  5:20  Stalker  
Show
View Real Time Build Order
Export as new Build Order

zuka Protoss 

Build Orders:  

Get SALT Encoding   

  12  0:01  Probe  
  13  0:13  Probe  
  14  0:17  Pylon  
  14  0:21  Probe  
  15  0:31  Probe  
  16  0:39  Gateway  
  16  0:42  Probe  
  16  0:47  Assimilator  
  17  0:54  Probe  
  18  0:58  Assimilator  
  18  1:06  Probe  
  19  1:17  Gateway  
  20  1:18  Probe  
  20  1:27  Cybernetics Core  
  20  1:31  Probe  
  21  1:43  Probe  
  22  1:55  Probe  
  22  1:56  Pylon  
  23  2:06  Adept x2  
  23  2:07  Stargate  
  23  2:08  Warp Gate  
  27  2:32  Pylon  
  27  2:35  Stalker  
  31  2:53  Void Ray  
  33  2:59  Adept  
  33  3:03  Pylon  
  35  3:10  Pylon  
  36  3:28  Gateway  
  36  3:29  Void Ray  
  38  3:54  Pylon  
  37  3:59  Pylon  
  37  4:02  Void Ray  
  37  4:16  Zealot  
  43  4:17  Zealot  
  45  4:26  Stalker  
  39  4:39  Stalker  
  39  4:42  Stalker  
Tags
 
Matchup
PvP
Spawn Locations
Cross Positions
Add a new tag
Caveats
  • Supply blocks, unpowered buildings, or Contaminate may cause inaccurate times.
  • Supply counts are checked every 10 seconds.